Map: Dusty Gorge

Players

Rangore

  • Race: Terran Terran
  • Spawn Location: 3:00

MrPooped

  • Race: Protoss Protoss
  • League: Diamond
  • Spawn Location: 5:00

MonstroTown - Winner!

  • Race: Terran Terran
  • Spawn Location: 9:00

Michael - Winner!

  • Race: Zerg Zerg
  • League: Gold
  • Spawn Location: 11:00

VOD

Have the link to the VOD?

Description

Time

  • Played on: Sept. 14, 2018, 9:36 p.m.
  • Length: 16:23
Show
View Real Time Build Order
Export as new Build Order

Rangore Terran 

Build Orders: MMM Bio, Mech 

Get SALT Encoding   

  12  0:01  SCV  
  13  0:19  SCV  
  14  0:21  Supply Depot  
  14  0:37  SCV  
  14  0:38  Refinery  
  15  0:46  Barracks  
  15  0:50  SCV  
  16  1:08  SCV  
  17  1:30  SCV  
  18  1:35  Command Center  
  18  1:38  Supply Depot  
  18  1:39  Marine  
  19  1:45  SCV  
  20  1:56  Refinery  
  20  2:02  Marine  
  21  2:20  SCV  
  21  2:21  Factory  
  22  2:29  Marine  
  23  2:47  Marine  
  23  2:51  Orbital Command  
  24  2:53  SCV  
  25  3:03  Barracks  
  25  3:09  Starport  
  25  3:13  Marine  
  26  3:31  Factory Tech Lab  
  26  3:35  Marine  
  28  3:41  SCV  
  28  3:43  Orbital Command  
  28  3:49  Engineering Bay  
  28  3:52  Marine  
  29  3:58  Barracks Tech Lab  
  29  4:02  Barracks  
  29  4:03  SCV, Barracks  
  29  4:09  Starport Tech Lab  
  30  4:15  SCV  
  31  4:22  Siege Tank  
  34  4:25  Refinery  
  34  4:28  SCV  
  35  4:33  Medivac  
  37  4:41  Supply Depot  
  37  4:42  Supply Depot  
  37  4:47  Terran Infantry Weapons Level 1  
  37  4:54  SCV x2  
  39  5:04  Stimpack  
  39  5:23  SCV x2  
  39  5:24  Marine x2  
  39  5:25  Marine  
  39  5:28  Siege Tank  
  48  5:32  Medivac  
  48  5:35  SCV x2  
  51  5:42  Marine x2  
  53  5:47  SCV x2  
  55  5:51  Refinery  
  55  5:59  SCV  
  55  6:00  Missile Turret x2  
  55  6:02  Missile Turret  
  56  6:05  Marine  
  56  6:08  Barracks Reactor  
  57  6:16  Barracks Reactor  
  57  6:26  Supply Depot  
  57  6:44  Command Center  
  57  6:50  SCV x2  
  59  6:55  Factory  
  59  6:57  Factory  
  59  7:02  SCV  
  59  7:03  Armory, SCV  
  61  7:14  Barracks Reactor  
  61  7:15  Marine x2  
  62  7:16  Marine x2  
  62  7:17  Marine  
  62  7:20  Siege Tank  
  69  7:36  Combat Shield  
  69  7:44  Engineering Bay  
  69  7:54  Marine  
  69  7:55  Marine  
  71  8:05  SCV x2  
  73  8:15  Marine  
  73  8:16  Marine x6  
  73  8:17  SCV x2  
  73  8:18  Factory Tech Lab  
  73  8:19  Factory Tech Lab  
  82  8:20  Siege Tank  
  85  8:36  Supply Depot  
  85  8:37  Supply Depot x2  
  85  8:38  Supply Depot  
  85  8:52  Marine  
  85  8:54  Marine x3  
  77  8:55  Marine  
  77  8:56  Medivac  
  77  9:00  Marine x2  
  62  9:03  Missile Turret  
  62  9:09  Marine  
  55  9:12  Thor, Marine  
  55  9:13  Siege Tank x2  
  60  9:17  Marine x2  
  60  9:18  Marine x2  
  60  9:21  Missile Turret  
  57  9:24  Terran Infantry Armor Level 1  
  57  9:26  Terran Vehicle And Ship Armor Level 1, Medivac  
  57  9:32  SCV x2  
  55  9:40  Marine x3  
  55  9:41  Marine x2  
  55  9:44  SCV x2  
  60  9:49  SCV  
  50  9:54  Thor  
  50  9:56  SCV x2  
  58  10:01  SCV  
  53  10:08  SCV x2, Marine x5  
  53  10:14  SCV  
  53  10:20  SCV  
  46  10:25  Marine  
  46  10:26  Marine  
  47  10:34  SCV x3  
  36  10:46  SCV x2  
  36  10:48  Thor  
  36  10:49  Marine x3  
  38  10:58  SCV x3  
  38  11:10  SCV x2  
  38  11:11  SCV  
  40  11:22  SCV  
  40  11:23  SCV x2  
  43  11:27  Marine x5  
  48  11:34  SCV  
  48  11:35  SCV x2  
  51  11:42  Thor  
  57  11:50  Terran Infantry Weapons Level 2  
  57  11:53  Terran Vehicle Weapons Level 1  
  57  11:58  Terran Infantry Armor Level 2  
  57  12:07  Factory  
  57  12:09  SCV x2  
  60  12:16  Orbital Command  
  60  12:21  SCV x2  
  61  12:26  Missile Turret  
  61  12:27  Missile Turret x2  
  61  12:28  Marine  
  61  12:29  Marine x4  
  66  12:33  SCV x2  
  68  12:45  SCV x2  
  70  13:03  Marine x5  
  75  13:08  Thor  
  75  13:09  Siege Tank  
  75  13:10  Thor  
  90  13:18  SCV x2  
  90  13:19  SCV  
  93  13:21  Marine x4  
  93  13:26  Refinery  
  93  13:27  Refinery  
  97  13:30  SCV  
  97  13:31  SCV x2  
  100  13:34  Supply Depot  
  100  13:35  Supply Depot  
  100  13:40  Marine  
  101  13:55  SCV x3, Marine x4  
  101  13:56  Supply Depot  
  101  14:02  Marine  
  109  14:05  Thor  
  109  14:08  SCV x2  
  117  14:15  Supply Depot  
  117  14:18  Supply Depot, SCV, Marine x3  
  117  14:20  Supply Depot  
  117  14:22  Factory Tech Lab  
  121  14:30  SCV  
  93  15:09  Marine  
  93  15:10  Marine x2  
  85  15:14  Siege Tank  
  70  15:37  Barracks  
  63  15:45  SCV  
  63  15:47  Refinery  
  63  15:48  Command Center  
  53  15:50  Missile Turret x2  
  53  15:51  Missile Turret  
  53  15:52  Refinery  
  53  15:53  Missile Turret  
  53  15:56  Missile Turret  
  29  15:57  SCV  
  20  16:10  SCV  
Show
View Real Time Build Order
Export as new Build Order

MrPooped Protoss 

Build Orders: 1 Gate Expand, Zealot Archon 

Get SALT Encoding   

  12  0:00  Probe  
  13  0:08  Probe  
  14  0:18  Pylon  
  14  0:19  Probe  
  15  0:36  Probe  
  15  0:39  Gateway  
  16  0:48  Probe  
  17  0:51  Assimilator  
  17  0:58  Probe  
  18  1:06  Probe  
  19  1:14  Probe  
  20  1:30  Nexus  
  20  1:40  Cybernetics Core  
  20  1:50  Probe  
  20  1:52  Assimilator  
  21  2:02  Probe  
  22  2:14  Probe  
  23  2:16  Pylon  
  23  2:21  Warp Gate  
  23  2:25  Stalker  
  25  2:39  Shield Battery  
  24  2:54  Twilight Council  
  24  3:07  Shield Battery  
  24  3:14  Probe x2  
  24  3:16  Pylon  
  26  3:26  Probe x2  
  28  3:31  Charge  
  28  3:38  Probe  
  28  3:39  Probe  
  30  3:47  Probe  
  30  3:48  Probe  
  30  3:52  Robotics Facility  
  30  3:55  Probe  
  32  3:56  Probe  
  34  4:05  Probe  
  34  4:06  Gateway  
  35  4:15  Gateway  
  35  4:20  Gateway  
  35  4:30  Gateway  
  35  4:33  Stalker  
  35  4:34  Observer  
  37  4:39  Gateway  
  38  4:48  Probe, Pylon  
  39  5:02  Warp Prism  
  41  5:09  Probe x2  
  41  5:10  Dark Shrine  
  43  5:58  Pylon  
  43  6:18  Blink  
  43  6:25  Dark Templar  
  43  6:26  Dark Templar  
  45  7:02  Immortal  
  45  7:06  Zealot x2  
  45  7:07  Zealot x2  
  51  7:09  Dark Templar x2  
  59  7:19  Archon  
  59  7:30  Assimilator  
  59  7:35  Immortal, Assimilator  
  59  7:38  Gateway  
  59  7:40  Gateway  
  59  7:44  Pylon  
  59  7:47  Dark Templar  
  65  7:54  Probe  
  65  7:56  Probe  
  67  7:59  Dark Templar  
  67  8:05  Pylon  
  69  8:06  Probe  
  69  8:07  Pylon  
  69  8:10  Pylon  
  70  8:16  Immortal  
  74  8:29  Archon  
  74  8:30  Zealot x2  
  74  8:33  Nexus  
  78  8:34  Pylon  
  78  8:38  Assimilator  
  78  8:39  Forge  
  78  8:40  Pylon  
  78  8:42  Pylon  
  78  8:43  Forge  
  78  8:45  Zealot x2  
  78  8:47  Zealot  
  84  8:59  Zealot x3  
  62  9:18  Immortal  
  54  9:25  Zealot x3  
  54  9:30  Dark Templar x2  
  68  9:34  Dark Templar x2  
  72  9:50  Zealot  
  74  9:58  Immortal  
  74  10:11  Stalker  
  74  10:12  Stalker x4  
  84  10:16  Dark Templar x2  
  84  10:20  Archon  
  88  10:24  Archon  
  88  10:29  Stalker  
  90  10:39  Dark Templar  
  90  10:41  Zealot  
  94  11:03  Photon Cannon  
  92  11:05  Photon Cannon  
  92  11:09  Photon Cannon  
  92  11:11  Photon Cannon  
  92  11:12  Observer  
  92  11:14  Photon Cannon x3  
  92  11:16  Photon Cannon x2  
  88  11:19  Pylon  
  89  11:28  Probe x2, Assimilator  
  89  11:29  Probe  
  89  11:30  Observer  
  92  11:36  Dark Templar  
  92  11:37  Dark Templar  
  92  11:38  Dark Templar  
  99  11:43  Protoss Ground Weapons Level 1, Protoss Ground Armor Level 1  
  99  11:59  Observer  
  99  12:01  Archon  
  99  12:04  Probe x3  
  102  12:13  Shield Battery, Photon Cannon  
  102  12:14  Pylon  
  102  12:16  Probe x3  
  105  12:23  Pylon  
  105  12:27  Zealot  
  105  12:28  Probe, Zealot  
  110  12:53  Dark Templar x2  
  110  12:57  Warp Prism  
  92  13:09  Zealot x3  
  100  13:17  Zealot  
  102  13:25  Archon  
  102  13:27  Archon  
  102  13:31  Protoss Ground Weapons Level 2  
  102  13:32  Protoss Ground Armor Level 2  
  102  13:36  Observer  
  102  13:47  Gateway  
  102  13:48  Gateway  
  102  13:49  Pylon  
  102  13:50  Zealot x4  
  102  13:51  Zealot x3  
  102  13:54  Zealot  
  118  14:11  Probe  
  118  14:12  Probe  
  120  14:18  Probe  
  120  14:23  Probe  
  120  14:24  Gateway, Zealot x6  
  126  14:25  Zealot  
  126  14:26  Pylon  
  136  14:42  Warp Prism  
  68  15:19  Dark Templar x5  
  68  15:20  Dark Templar x3  
  72  15:24  Archon x4  
  72  15:30  Zealot x3  
  78  15:51  Dark Templar x3  
  78  15:52  Dark Templar  
  78  15:53  Dark Templar x2  
  78  15:55  Zealot  
  92  15:57  Archon  
  92  15:58  Archon x2  
  92  16:04  Zealot  
  92  16:05  Zealot  
Show
View Real Time Build Order
Export as new Build Order

MonstroTown Terran - Winner!

Build Orders: Reaper Expand, MMM Bio 

Get SALT Encoding   

  12  0:01  SCV  
  13  0:13  SCV  
  14  0:18  Supply Depot  
  14  0:25  SCV  
  15  0:39  SCV  
  15  0:41  Barracks  
  16  0:47  Refinery  
  16  0:52  SCV  
  17  1:04  SCV  
  18  1:16  SCV  
  19  1:28  Orbital Command  
  19  1:30  Reaper  
  20  1:47  Command Center  
  20  1:54  SCV  
  20  1:57  Refinery  
  21  2:02  Barracks Reactor  
  21  2:12  Supply Depot, SCV  
  22  2:24  SCV  
  22  2:27  Factory  
  23  2:36  SCV  
  24  2:47  Marine  
  24  2:48  SCV  
  24  2:49  Marine  
  26  3:06  Factory  
  26  3:10  Orbital Command, Barracks  
  26  3:16  Factory Tech Lab  
  26  3:18  Marine  
  27  3:23  Marine  
  27  3:25  SCV  
  29  3:37  SCV x2  
  31  3:42  Siege Tank  
  31  3:45  Marine  
  31  3:46  Marine  
  36  3:49  SCV  
  36  3:51  SCV  
  38  3:56  Supply Depot  
  38  4:03  Barracks Tech Lab  
  38  4:04  Factory Reactor  
  38  4:05  Marine x2  
  40  4:14  SCV x2  
  42  4:25  Stimpack  
  42  4:26  SCV x2  
  42  4:29  Engineering Bay  
  44  4:35  Siege Tank  
  44  4:36  Marine x2  
  49  4:42  Marauder, Starport  
  51  4:46  Widow Mine  
  53  4:54  Marine  
  53  4:55  Supply Depot, Widow Mine  
  53  4:56  Supply Depot  
  53  4:57  SCV  
  53  4:58  SCV  
  58  5:03  Terran Infantry Weapons Level 1  
  58  5:09  SCV  
  59  5:15  Marine x2  
  59  5:17  Marauder  
  63  5:22  Supply Depot  
  63  5:25  Widow Mine  
  65  5:29  Starport Reactor  
  65  5:34  SCV  
  65  5:35  SCV  
  67  5:37  Refinery  
  67  5:38  Refinery  
  67  5:40  Marine x2  
  69  5:46  SCV  
  69  5:49  Siege Tank  
  73  5:51  Widow Mine  
  73  5:52  Widow Mine  
  73  5:55  Marine  
  78  6:00  Marine x2  
  79  6:12  SCV  
  79  6:13  SCV  
  81  6:25  SCV x2  
  83  6:30  Viking  
  85  6:36  Supply Depot x2  
  85  6:38  Widow Mine  
  85  6:39  Marine  
  86  6:40  Marine  
  86  6:41  Viking  
  86  6:43  Widow Mine  
  84  6:53  Missile Turret  
  84  6:57  Siege Tank  
  87  7:07  Marine x2  
  87  7:08  Marine  
  90  7:13  Engineering Bay  
  90  7:15  Armory  
  90  7:18  SCV x2  
  92  7:26  Marauder  
  94  7:30  SCV, Marine x2  
  97  7:43  Barracks  
  97  7:47  Marauder  
  97  7:48  Marine  
  100  7:53  Marine  
  101  8:04  Siege Tank, Supply Depot  
  104  8:07  Command Center  
  104  8:09  Marine  
  104  8:10  Marine x2  
  107  8:34  Marine x4  
  107  8:36  Widow Mine x2  
  107  8:37  Medivac  
  107  8:40  Terran Infantry Armor Level 1  
  117  8:42  Terran Ship Weapons Level 1  
  117  8:55  Marauder  
  59  9:24  Marine x2  
  59  9:25  Marine x2  
  63  9:32  Missile Turret  
  63  9:33  Orbital Command, SCV  
  63  9:41  Barracks x2  
  63  9:42  Marine, Barracks  
  61  9:56  Marine x2  
  61  9:58  Barracks Reactor  
  59  10:00  SCV x3, Marine  
  63  10:12  SCV x2  
  63  10:13  SCV, Marine  
  63  10:14  Marine  
  65  10:18  Marine  
  67  10:26  Siege Tank  
  70  10:31  Marine  
  70  10:32  Marine  
  70  10:36  Marine  
  70  10:39  Marine x2  
  70  10:41  Barracks Tech Lab  
  73  10:43  Combat Shield  
  73  10:45  Marine  
  73  10:48  SCV  
  73  10:49  SCV x2, Marine  
  78  10:58  Siege Tank, Widow Mine x2  
  85  11:04  Marine x2  
  85  11:05  Marine  
  85  11:06  Barracks Reactor  
  85  11:07  Barracks Tech Lab  
  86  11:18  Marine x2  
  86  11:19  Marine  
  86  11:24  Widow Mine x2  
  89  11:28  SCV x2  
  91  11:37  Marine x4  
  91  11:38  Marauder, Marine  
  91  11:39  Marauder  
  100  11:42  SCV x2  
  100  11:43  SCV, Command Center  
  103  11:52  Barracks  
  103  11:53  Barracks  
  103  11:56  Marauder  
  103  11:58  Barracks  
  103  11:59  Barracks  
  105  12:03  Marine x3  
  105  12:04  Marine x5  
  105  12:05  Terran Infantry Armor Level 2, Terran Infantry Weapons Level 2  
  105  12:06  Terran Ship Weapons Level 2  
  113  12:11  Fusion Core  
  113  12:17  Concussive Shells, Marine  
  113  12:20  Siege Tank  
  113  12:21  Marine  
  120  12:22  Marauder  
  120  12:38  Marine x4  
  120  12:39  Medivac  
  120  12:40  Medivac  
  120  12:41  Marine x2  
  122  13:12  Planetary Fortress  
  122  13:14  Barracks Reactor  
  122  13:15  Barracks Reactor x2  
  122  13:19  Barracks Tech Lab  
  122  13:20  Marine x2  
  122  13:22  Marine x6  
  122  13:23  Marine  
  131  13:34  Refinery  
  131  13:38  Marine x2  
  131  13:39  Missile Turret, Marine  
  131  13:40  Siege Tank  
  137  13:41  Medivac x2  
  137  13:42  Marine x5  
  137  13:43  Marauder  
  148  13:50  Refinery  
  148  13:51  Supply Depot  
  148  13:52  Refinery, Supply Depot x2  
  148  13:53  Supply Depot  
  148  14:12  Marauder x2, Marine x4  
  148  14:13  Marauder, Marine x2, Medivac x2  
  148  14:14  Marine x5  
  169  14:24  Weapon Refit  
  169  14:25  Starport, Marine  
  169  14:26  Marine  
  169  14:28  Siege Tank  
  173  14:39  Marine x2  
  173  14:40  Marine x5  
  173  14:43  Marine x3  
  180  14:56  Marine x2  
  180  14:57  Marine x2  
  174  15:31  Marine x3  
  174  15:32  Marine x4  
  181  15:47  Marine x4  
  181  15:48  Marine x5  
  181  15:49  Marine x2  
  190  16:01  Marine x5  
  195  16:05  Marine  
  195  16:08  Starport Tech Lab  
Show
View Real Time Build Order
Export as new Build Order

Michael Zerg - Winner!

Build Orders: Hatch First 

Get SALT Encoding   

  12  0:01  Drone  
  13  0:12  Overlord  
  13  0:18  Drone  
  14  0:31  Drone x2  
  14  0:35  Drone  
  17  0:45  Drone  
  18  0:58  Hatchery  
  18  1:00  Drone  
  18  1:03  Extractor  
  17  1:18  Spawning Pool  
  16  1:20  Drone  
  16  1:23  Drone  
  18  1:28  Drone  
  19  1:39  Drone  
  20  1:49  Overlord  
  20  2:04  Queen  
  22  2:10  Queen  
  22  2:12  Zergling x4  
  22  2:13  Zergling x2  
  27  2:25  Roach Warren  
  27  2:26  Drone  
  27  2:30  Drone  
  27  2:36  Drone  
  29  2:37  Drone  
  29  2:44  Drone  
  29  2:45  Drone  
  31  2:55  Lair  
  31  3:04  Queen  
  33  3:13  Drone  
  33  3:14  Extractor, Drone x2  
  33  3:16  Drone  
  36  3:25  Overlord  
  36  3:40  Hatchery  
  35  3:43  Drone x2  
  35  3:47  Overlord  
  37  3:56  Drone x3  
  37  3:58  Drone  
  41  4:05  Queen  
  43  4:11  Queen  
  43  4:16  Glial Reconstitution  
  45  4:26  Spore Crawler, Evolution Chamber  
  45  4:30  Drone x3  
  46  4:32  Drone  
  47  4:42  Spawning Pool  
  47  4:45  Spire  
  46  4:46  Drone  
  46  4:49  Drone  
  46  4:50  Drone  
  46  4:51  Drone  
  50  4:54  Drone  
  50  4:55  Drone  
  52  5:01  Queen  
  54  5:10  Zerg Ground Armor Level 1  
  54  5:16  Roach  
  54  5:17  Roach  
  54  5:19  Overlord  
  54  5:20  Overlord  
  58  5:26  Spore Crawler  
  57  5:31  Spine Crawler x2  
  57  5:32  Drone  
  57  5:33  Drone  
  57  5:35  Drone  
  58  5:44  Spore Crawler  
  58  5:45  Spore Crawler  
  58  5:47  Spine Crawler  
  55  5:50  Spine Crawler  
  55  5:53  Spine Crawler  
  55  5:54  Drone  
  55  5:56  Drone  
  55  5:58  Drone  
  55  5:59  Drone  
  55  6:02  Drone  
  58  6:19  Zerg Flyer Armor Level 1  
  58  6:23  Roach  
  58  6:24  Roach x4  
  70  6:25  Roach  
  70  6:28  Roach  
  70  6:30  Roach  
  74  6:36  Overlord x2  
  74  6:39  Overlord  
  74  6:46  Spore Crawler  
  73  6:49  Overseer  
  73  6:50  Overseer x2  
  73  7:00  Spore Crawler  
  72  7:01  Spine Crawler  
  72  7:02  Drone x2  
  72  7:03  Spine Crawler  
  72  7:04  Extractor  
  72  7:05  Extractor  
  69  7:11  Metabolic Boost  
  69  7:22  Roach x5  
  79  7:27  Zerg Missile Weapons Level 1  
  79  7:33  Drone x2  
  79  7:34  Drone  
  79  7:35  Drone x2  
  84  7:47  Drone  
  84  7:48  Drone x6  
  84  7:50  Drone  
  92  7:52  Drone  
  92  7:54  Drone  
  92  7:56  Drone  
  95  8:01  Extractor x2  
  95  8:02  Drone x2  
  95  8:04  Drone  
  96  8:28  Mutalisk  
  96  8:30  Overlord x2  
  96  8:31  Overlord x3  
  98  8:51  Infestation Pit  
  90  9:13  Mutalisk x6  
  90  9:14  Mutalisk x4  
  98  9:22  Mutalisk  
  100  9:24  Zergling x2  
  100  9:25  Zergling x12  
  107  9:36  Hatchery  
  106  9:46  Roach  
  106  9:47  Zergling x6  
  106  9:49  Hatchery  
  106  9:51  Mutalisk  
  106  9:52  Mutalisk x2  
  104  10:06  Mutalisk x3  
  97  10:16  Roach  
  97  10:17  Roach x5  
  97  10:18  Zergling x6  
  105  10:36  Mutalisk x2  
  105  10:47  Mutalisk x2  
  92  11:08  Mutalisk x3  
  92  11:10  Zergling x2  
  92  11:11  Zergling x8  
  101  11:12  Queen  
  101  11:13  Drone  
  104  11:28  Hive  
  104  11:38  Drone x5  
  109  11:40  Overlord x2  
  109  11:41  Overlord x6  
  109  12:07  Zergling x2  
  109  12:08  Zergling x26  
  123  12:09  Zergling x2  
  123  12:10  Zergling x2  
  123  12:11  Zergling x2  
  123  12:13  Zergling x2  
  123  12:14  Zergling x2  
  128  12:16  Drone  
  128  12:17  Drone  
  128  12:18  Drone  
  128  12:19  Drone  
  128  12:21  Drone  
  128  12:22  Drone  
  134  12:32  Mutalisk x4  
  134  12:35  Zergling x4  
  144  12:37  Zergling x2  
  144  12:38  Zergling x2  
  144  12:39  Zergling x2  
  144  12:41  Zergling x2  
  144  12:42  Zergling x2  
  144  12:43  Zergling x2  
  150  12:44  Zergling x2  
  150  12:46  Zergling x2  
  125  13:08  Zergling x12  
  125  13:09  Zergling x24  
  125  13:10  Zergling x2  
  125  13:12  Corruptor  
  146  13:16  Greater Spire  
  146  13:20  Adrenal Glands  
  146  13:23  Zerg Melee Weapons Level 1  
  146  13:32  Corruptor x3  
  152  13:35  Corruptor  
  152  13:38  Corruptor  
  156  13:48  Zergling x16  
  159  13:50  Overlord  
  159  13:52  Overlord  
  159  13:55  Overlord  
  164  13:57  Overlord  
  164  14:00  Drone  
  165  14:26  Corruptor  
  165  14:27  Corruptor x2  
  165  14:30  Brood Lord x5  
  181  14:33  Zergling x12  
  181  14:35  Zergling x2  
  188  14:49  Zergling x18  
  182  15:11  Zergling x2  
  182  15:12  Zergling x26  
  152  15:21  Zergling x4  
  151  15:33  Extractor  
  151  15:34  Extractor  
  149  15:51  Mutalisk x5, Hatchery  
  149  15:52  Mutalisk x9  
  149  15:53  Mutalisk  
  149  15:54  Mutalisk  
  149  15:55  Mutalisk  
Tags
 
Add a new tag
Caveats
  • Supply blocks, unpowered buildings, or Contaminate may cause inaccurate times.
  • Supply counts are checked every 10 seconds.